 Dungeon Crawl Stone Soup version 0.18.1-47-g9310371 (webtiles) character file.

14513 Kisielow the Devastator (level 11, -1/93 HPs)
             Began as a Deep Elf Conjurer on June 23, 2016.
             Was an Elder of Vehumet.
             Slain by a yak (8 damage)
             ... on level 2 of the Lair of Beasts.
             The game lasted 01:06:29 (13407 turns).

Kisielow the Devastator (Deep Elf Conjurer)        Turns: 13407, Time: 01:06:31

Health: -1/93      AC: 25    Str: 13    XL:     11   Next: 89%
Magic:  5/23       EV:  2    Int: 21    God:    Vehumet [****..]
Gold:   708        SH:  0    Dex: 15    Spells: 6 memorised, 6 levels left

rFire  . . .     SeeInvis .     l - +0 dagger (vamp)
rCold  . . .     Gourm    .     (armour currently unavailable)
rNeg   + + +     Faith    .     (no shield)
rPois  +         Spirit   .     (helmet currently unavailable)
rElec  .         Dismiss  .     (cloak currently unavailable)
rCorr  .         Reflect  .     (gloves currently unavailable)
SustAt .         Harm     .     (boots currently unavailable)
MR     ++...     NoTele   +     (no amulet)
Stlth  +++.......               i - ring of protection from magic
                                v - ring of poison resistance

@: mighty, tree-form, very resistant to hostile enchantments, fairly stealthy
A: no striking features
a: Renounce Religion


You were on level 2 of the Lair of Beasts.
You worshipped Vehumet.
Vehumet was greatly pleased with you.
You were very hungry.
You were a tree.
You visited 3 branches of the dungeon, and saw 14 of its levels.
You also visited: Volcano.

You collected 708 gold pieces.

Inventory:

Hand Weapons
 l - a +0 vampiric dagger (weapon)
Armour
 k - a +0 pair of boots (melded)
 p - a +2 cloak (melded)
 s - a +1 pair of gloves (melded)
 A - a +2 robe of magic resistance (melded)
 I - a +2 robe of fire resistance
 K - a +0 hat (melded)
Jewellery
 i - a ring of protection from magic (right branch)
 v - a ring of poison resistance (left branch)
Wands
 f - a wand of lightning (2/15)
 y - a wand of teleportation (3/9)
 C - a wand of paralysis (12/24)
 J - a wand of lightning (6/15)
Scrolls
 a - 4 scrolls of identify
 g - 2 scrolls of magic mapping
 h - 4 scrolls of enchant weapon
 j - 3 scrolls of enchant armour
 m - a scroll of fog
 r - 3 scrolls of teleportation
 t - 3 scrolls of remove curse
 w - a scroll of fear {unknown}
 x - 3 scrolls of blinking
Potions
 n - 2 potions of berserk rage {unknown}
 u - 5 potions of curing
 z - a potion of agility
 E - a potion of cancellation
Books
 b - a book of Conjurations

   Spells                             Type                      Level
   a - Magic Dart                     Conjuration                  1
   b - Searing Ray                    Conjuration                  2
   c - Dazzling Spray                 Conjuration/Hexes            3
   d - Fulminant Prism                Conjuration/Hexes            4
   e - Iskenderun's Mystic Blast      Conjuration                  4
   f - Iskenderun's Battlesphere      Conjuration/Charms           5
 e - a book of Transfigurations

   Spells                             Type                      Level
   a - Irradiate                      Conjuration/Transmutation    5
   b - Statue Form                    Transmutation/Earth          6
   c - Hydra Form                     Transmutation                6
   d - Dragon Form                    Transmutation                7
 o - a book of Misfortune

   Spells                             Type                      Level
   a - Confusing Touch                Hexes                        2
   b - Confuse                        Hexes                        3
   c - Gell's Gravitas                Hexes/Translocation          3
   d - Petrify                        Transmutation/Earth          4
   e - Metabolic Englaciation         Hexes/Ice                    5
   f - Yara's Violent Unravelling     Hexes/Transmutation          5
Comestibles
 c - 8 bread rations
 B - 3 fruits
 H - 9 slices of pizza


   Skills:
 + Level 4.7 Fighting
 + Level 7.4 Dodging
 - Level 2.4 Stealth
 - Level 7.0 Spellcasting
 - Level 15.6 Conjurations
 - Level 11.0 Charms
 * Level 3.1 Fire Magic


You had 6 spell levels left.
You knew the following spells:

 Your Spells              Type           Power        Failure   Level  Hunger
a - Magic Dart            Conj           ####         0%          1    None
b - Searing Ray           Conj           ######       1%          2    None
e - Ignite Poison         Fire/Trmt/Pois ##......     5%          3    #......
p - Throw Icicle          Conj/Ice       #####...     1%          4    ###....
q - Iskenderun's Battles  Conj/Chrm      ######..     1%          5    #####..
w - Mephitic Cloud        Conj/Pois/Air  ####....     1%          3    #......


Dungeon Overview and Level Annotations

Branches:
Dungeon (11/15)            Temple (1/1) D:4            Lair (2/8) D:10
    Orc (0/2) D:10

Altars:
Ashenzari
Cheibriados
Dithmenos
Elyvilon
Fedhas
Gozag
Kikubaaqudgha
Makhleb
Nemelex Xobeh
Okawaru
Pakellas
Qazlal
Ru
Sif Muna
Trog
Vehumet
Xom
Yredelemnul
Zin
The Shining One

Shops:
D:6 !%}

Annotations:
D:11 Nergalle
Lair:1 Fannar


Message History

The yak is almost dead.
The yak closely misses you. The yak gores you!
* * * LOW HITPOINT WARNING * * *
The yak misses you.
You hit the yak.
You feel better.
You kill the yak!
Vehumet accepts your kill.
You feel your power returning. The yak gores you.
* * * LOW HITPOINT WARNING * * *
The yak gores you.
* * * LOW HITPOINT WARNING * * *
Drink which item? (? for menu, Esc to quit)
You turn into a tree.
Your +2 cloak melds into your body.
Your +0 hat melds into your body.
Your +1 pair of gloves melds into your body.
Your +0 pair of boots melds into your body.
Your +2 robe of magic resistance melds into your body.
You feel less resistant to hostile enchantments.
Your roots penetrate the ground.
The yak gores you!
You die...

P...#...### #... ...#.....P#
... #... ....#...PP#
##..+.... ...#...... P....
..†.#†... #...# P.. #..†.####
#... ## ...###...##.###
#..#####.##
....†......†#P#####..........
...........Y♣................
...........Y.................
.............................
..........#..##........#..##.
..>.......##..#.......#......
.P#P.......#..........P.....#
. #.......##..#.............#
#........P..##............#
##..........#P......#......


You could see 2 yaks.

Vanquished Creatures
  Erolcha (D:8)
  A hydra (Lair:2)
  Erica (D:8)
  3 hill giants
  Pikel (D:8)
  An ugly thing (Volcano)
  Joseph (D:8)
  2 gargoyles
  A komodo dragon (Lair:2)
  2 efreet
  A troll (D:9)
  A two-headed ogre (D:9)
  Prince Ribbit (D:6)
  A spriggan (D:9)
  11 yaks
  A fire elemental (Volcano)
  2 hippogriffs
  5 hungry ghosts
  2 wargs (D:10)
  2 water moccasins
  Duvessa (D:6)
  4 porcupines
  A sky beast (D:9)
  3 slaves (D:8)
  2 orc warriors
  5 ice beasts
  A necrophage (D:9)
  A phantom (D:6)
  7 ogres
  A crocodile (Lair:2)
  3 centaurs
  A big kobold (D:9)
  5 giant frogs
  Dowan (D:6)
  6 scorpions
  4 killer bees (D:8)
  2 troll zombies (D:10)
  4 howler monkeys
  5 crimson imps
  A giant frog zombie (D:6)
  A centaur skeleton (D:6)
  2 hounds (D:10)
  3 orc priests
  A jelly (D:6)
  A giant frog skeleton (D:4)
  Ijyb (D:2)
  4 iguanas
  8 orc wizards
  14 worker ants
  3 ogre zombies (D:10)
  A hound zombie (D:7)
  A worker ant zombie (D:4)
  9 adders
  A howler monkey skeleton (D:10)
  2 shadow imps (D:7)
  2 oozes
  3 adder skeletons
  3 worms (D:2)
  3 dart slugs
  3 giant geckos
  31 orcs
  6 bats
  5 giant cockroaches
  7 goblins
  7 hobgoblins
  10 jackals
  11 kobolds
  4 quokkas
  A ball python (D:2)
  A giant cockroach zombie (D:6)
  2 giant gecko skeletons
  A giant gecko zombie (D:7)
  9 giant newts
  2 goblin zombies (D:10)
  2 hobgoblin skeletons (D:10)
  2 hobgoblin zombies (D:10)
  7 orc zombies (D:10)
  A quokka skeleton (D:9)
  9 rats
  2 fire vortices (Volcano)
285 creatures vanquished.

Vanquished Creatures (others)
  A slave (D:8)
  A troll zombie (D:10)
  2 ogre zombies (D:10)
  A goblin zombie (D:10)
  2 orc skeletons (D:10)
  9 orc zombies (D:10)
  4 plants (D:10)
20 creatures vanquished.

Grand Total: 305 creatures vanquished

Notes
Turn   | Place    | Note
--------------------------------------------------------------
     0 | D:1      | Kisielow the Deep Elf Conjurer began the quest for the Orb.
     0 | D:1      | Reached XP level 1. HP: 10/10 MP: 6/6
   225 | D:1      | Reached skill level 5 in Conjurations
   225 | D:1      | Reached XP level 2. HP: 15/15 MP: 1/8
   288 | D:1      | Learned a level 2 spell: Searing Ray
   844 | D:1      | Reached XP level 3. HP: 19/19 MP: 6/9
  1156 | D:2      | Noticed Ijyb
  1165 | D:2      | Killed Ijyb
  1165 | D:2      | Reached skill level 6 in Conjurations
  1165 | D:2      | Reached XP level 4. HP: 24/24 MP: 2/10
  2075 | D:3      | Reached XP level 5. HP: 28/28 MP: 5/11
  2076 | D:3      | Reached skill level 7 in Conjurations
  2083 | D:3      | Learned a level 5 spell: Iskenderun's Battlesphere
  2165 | D:4      | Found a staircase to the Ecumenical Temple.
  2179 | Temple   | Entered the Ecumenical Temple
  2317 | Temple   | Became a worshipper of Vehumet
  2502 | D:4      | Reached XP level 6. HP: 32/32 MP: 9/12
  2547 | D:4      | Reached skill level 5 in Charms
  3202 | D:4      | Reached XP level 7. HP: 36/36 MP: 6/13
  3695 | D:5      | Entered Level 5 of the Dungeon
  3872 | D:5      | Reached skill level 8 in Conjurations
  3876 | D:5      | Reached XP level 8. HP: 41/41 MP: 0/14
  3927 | D:4      | Reached * piety under Vehumet
  3927 | D:4      | Offered knowledge of Sting by Vehumet.
  4721 | D:5      | Reached skill level 10 in Charms
  4865 | D:6      | Reached skill level 9 in Conjurations
  4947 | D:6      | Found Nowosh's Distillery.
  5074 | D:6      | Noticed a hill giant
  5147 | D:5      | Killed a hill giant
  5147 | D:5      | Reached skill level 10 in Conjurations
  5300 | D:6      | Noticed Prince Ribbit
  5342 | D:6      | Found Xegorghi's Food Shoppe.
  5347 | D:6      | Reached XP level 9. HP: 45/45 MP: 8/15
  5584 | D:6      | Killed Prince Ribbit
  5584 | D:6      | Reached skill level 11 in Conjurations
  5653 | D:6      | Noticed Duvessa
  5657 | D:6      | Noticed Dowan
  5657 | D:6      | Killed Duvessa
  5780 | D:6      | Killed Dowan
  5908 | D:6      | Found Bahej's Gadget Boutique.
  5946 | D:6      | You fall through a shaft for 2 floors!
  6284 | D:6      | Found a blossoming altar of Fedhas.
  6292 | D:6      | Reached skill level 12 in Conjurations
  6571 | D:7      | Offered knowledge of Sandblast by Vehumet.
  6950 | D:7      | Reached ** piety under Vehumet
  7069 | D:8      | Noticed Pikel
  7206 | D:8      | Killed Pikel
  7206 | D:8      | Reached skill level 13 in Conjurations
  7336 | D:8      | Noticed Joseph
  7877 | D:8      | Noticed Erica
  7933 | D:9      | Noticed a gargoyle
  8005 | D:8      | Noticed Erolcha
  8012 | D:8      | Killed Erolcha
  8012 | D:8      | Reached XP level 10. HP: 50/50 MP: 7/16
  8362 | D:9      | Reached skill level 1 in Fighting
  8442 | D:9      | Reached skill level 14 in Conjurations
  8480 | D:9      | Offered knowledge of Mephitic Cloud by Vehumet.
  8486 | D:9      | Learned a level 3 spell: Mephitic Cloud
  8496 | D:9      | Killed a gargoyle
  9113 | D:10     | Entered Level 10 of the Dungeon
  9216 | D:10     | Noticed a hill giant
  9222 | D:10     | Killed a hill giant
  9222 | D:10     | Reached skill level 5 in Spellcasting
  9277 | D:10     | Noticed a hill giant
  9282 | D:10     | Killed a hill giant
  9283 | D:10     | Reached *** piety under Vehumet
  9416 | D:10     | Reached XP level 11. HP: 59/59 MP: 3/21
  9429 | D:10     | Offered knowledge of Throw Icicle by Vehumet.
  9435 | D:10     | Learned a level 4 spell: Throw Icicle
  9495 | D:10     | Reached skill level 5 in Dodging
  9807 | D:8      | Found a basalt altar of Yredelemnul.
  9810 | D:8      | Found a glowing golden altar of the Shining One.
  9813 | D:8      | Found a deep blue altar of Sif Muna.
  9993 | D:8      | Killed Joseph
 10148 | D:8      | Killed Erica
 10148 | D:8      | Reached skill level 15 in Conjurations
 10405 | D:5      | Reached **** piety under Vehumet
 10808 | D:10     | Found a staircase to the Lair.
 10847 | D:10     | Found a staircase to the Orcish Mines.
 11740 | D:11     | Noticed Nergalle
 11924 | Lair:1   | Entered Level 1 of the Lair of Beasts
 11962 | Lair:1   | Found a dark tunnel.
 12011 | Volcano  | Entered a volcano
 12033 | Volcano  | Noticed a red ugly thing
 12043 | Volcano  | Killed a red ugly thing
 12853 | Lair:1   | Noticed Fannar
 12976 | Lair:2   | Offered knowledge of Ignite Poison by Vehumet.
 12984 | Lair:2   | Learned a level 3 spell: Ignite Poison
 13215 | Lair:2   | Reached skill level 1 in Fire Magic
 13363 | Lair:2   | Noticed a seven-headed hydra
 13368 | Lair:2   | Killed a seven-headed hydra
 13407 | Lair:2   | Slain by a yak

Skill      XL: |  1  2  3  4  5  6  7  8  9 10 11 |
---------------+----------------------------------+-----
Conjurations   | 5 6 7 8 10 13 14 15 | 15.6
Charms         | 4 8 9 10 11 | 11.0
Fighting       | 2 4 |  4.7
Dodging        | 4 7 |  7.4
Spellcasting   | 5 7 |  7.0
Fire Magic     | 3 |  3.1
Stealth        | |  2.4

Action                   |  1- 3 |  4- 6 |  7- 9 | 10-12 || total
-------------------------+-------+-------+-------+-------++-------
Melee: Unarmed           |       |     8 |       |       ||     8
       Dagger            |       |       |     1 |    37 ||    38
 Cast: Magic Dart        |    62 |   101 |   193 |   237 ||   593
       Searing Ray       |     2 |    10 |     3 |     2 ||    17
       Iskenderun's Batt |       |       |    43 |    53 ||    96
       Throw Icicle      |       |       |       |    52 ||    52
       Mephitic Cloud    |       |       |       |     3 ||     3
       Ignite Poison     |       |       |       |     3 ||     3
Evoke: Wand              |       |       |       |     3 ||     3
  Use: Scroll            |       |     8 |     2 |     8 ||    18
       Potion            |       |       |     3 |     9 ||    12
  Eat: Chunk             |     1 |     4 |    21 |    21 ||    47
       Fruit             |       |     3 |       |     2 ||     5
       Bread ration      |       |     1 |       |     2 ||     3
       Beef jerky        |       |     1 |       |     1 ||     2
       Meat ration       |       |       |     2 |       ||     2
Armor: Robe              |     1 |     4 |    14 |    32 ||    51
Dodge: Dodged            |     7 |    13 |    30 |    81 ||   131
